 Dungeon Crawl Stone Soup version 0.30-a0-778-g2ef04afb54 (webtiles) character file.

Game seed: 10361916251599701132

86279 kiwi3s the Severer (level 15, -2/147 HPs)
             Began as a Minotaur Berserker on Feb 14, 2023.
             Was a High Priest of Trog.
             Slain by a bunyip (24 damage)
             ... called by a spriggan druid
             ... called by a spriggan druid
             ... on level 2 of the Swamp on Feb 15, 2023.
             The game lasted 00:45:30 (24331 turns).

kiwi3s the Severer (Minotaur Berserker)            Turns: 24331, Time: 00:45:30

Health: -2/147     AC: 27    Str: 35    XL:     15   Next: 40%
Magic:  14/14      EV: 12    Int:  4    God:    Trog [*****.]
Gold:   1198       SH: 17    Dex: 10    Spells: 14/14 levels left

rFire   . . .      SeeInvis .    T - +9 hand axe of Yxonin {heavy, Stlth+}
rCold   + + .      Faith    .    S - +2 kite shield {rC+}
rNeg    . . .      Spirit   .    R - +5 chain mail "Kunext" {rC+}
rPois   .          Reflect  +    (helmet unavailable)
rElec   .          Harm     .    E - +0 cloak
rCorr   .          Rampage  .    B - +2 pair of gloves
Will    +....                    l - +2 pair of boots Stlth
                                 n - amulet of reflection
HPRegen 0.44/turn                G - +4 ring of slaying
MPRegen 0.14/turn                W - +6 ring of strength

@: about to teleport, very slow
A: horns 3, retaliatory headbutt, shaggy fur 1
a: Renounce Religion, Berserk, Trog's Hand, Brothers in Arms


You were on level 2 of the Swamp.
You worshipped Trog.
Trog was extremely pleased with you.
You visited 3 branches of the dungeon, and saw 22 of its levels.
You also visited: Ossuary, Bailey and Ice Cave.

You collected 1555 gold pieces.
You spent 357 gold pieces at shops.

Inventory:

Hand Weapons
 D - a +2 war axe of holy wrath
 O - a +2 antimagic hand axe
 T - the +9 hand axe of Yxonin (weapon) {heavy, Stlth+}
   (You bought it in a shop on level 9 of the Dungeon)

   Stlth:     It makes you more stealthy.
 V - a +0 hand axe of flaming
Missiles
 c - 5 javelins
 v - 2 boomerangs
 z - a throwing net (quivered)
Armour
 l - a +2 pair of boots (worn)
 t - a +0 chain mail
 B - a +2 pair of gloves (worn)
 E - a +0 cloak (worn)
 H - the +4 skin of Zhor {*Englaciate rC+++ SInv}
   (You found it in an ice cave)

   *Englaciate: It radiates cold, occasionally slowing all nearby creatures who
   are not resistant to cold.
   rC:        It renders you almost immune to cold.
   SInv:      It lets you see invisible.
 R - the +5 chain mail "Kunext" (worn) {rC+}
   (You found it on level 5 of the Lair of Beasts)

   rC:        It protects you from cold.
 S - a +2 kite shield of cold resistance (worn)
 U - the +0 kite shield of Card Tricks {Harm}
   (You found it on level 9 of the Dungeon)

   Harm:      It increases damage dealt and taken.
Jewellery
 f - the ring of Okawaru's Displeasure {Ice rPois Dex+2}
   (You found it in an ice cave)

   [ring of ice]

   It enhances your ice magic.
   Dex:       It affects your dexterity (+2).
   rF:        It makes you vulnerable to fire.
   rC:        It protects you from cold.
   rPois:     It protects you from poison.
 n - an amulet of reflection (around neck)
 x - a ring of resist corrosion
 y - a ring of fire
 C - the ring of the Establishment {rElec rN+ MP+9 Str+3}
   (You found it in an ice cave)

   [ring of magical power]

   Str:       It affects your strength (+3).
   rElec:     It insulates you from electricity.
   rN:        It protects you from negative energy.
   MP:        It affects your magic capacity (+9).
 F - a +5 ring of evasion
 G - a +4 ring of slaying (left hand)
 K - a ring of poison resistance
 L - the amulet "Zakudgh" {rN+ Regen+ Slay+2 Stlth+}
   (You found it on level 5 of the Lair of Beasts)

   [amulet of regeneration]

   Slay:      It affects your accuracy & damage with ranged weapons and melee
   (+2).
   rN:        It protects you from negative energy.
   Regen:     It increases your rate of health regeneration.
   Stlth:     It makes you more stealthy.
 W - a +6 ring of strength (right hand)
 Z - a ring of magical power
Wands
 e - a wand of flame (13)
 m - a wand of quicksilver (2)
 r - a wand of mindburst (8)
 I - a wand of polymorph (6)
 M - a wand of digging (25)
Scrolls
 d - 2 scrolls of magic mapping
 h - 2 scrolls of teleportation
 i - a scroll of butterflies {unknown}
 j - 3 scrolls of identify
 k - 4 scrolls of enchant armour
 p - 2 scrolls of fear
 w - 6 scrolls of enchant weapon
 A - 5 scrolls of blinking
 J - 2 scrolls of brand weapon
 P - a scroll of acquirement
 Y - 2 scrolls of fog
Potions
 a - 5 potions of might
 b - a potion of haste
 g - 7 potions of curing
 o - 3 potions of cancellation
 q - 6 potions of flight
 s - 2 potions of resistance
 u - 5 potions of mutation
 N - 9 potions of lignification
 Q - a potion of invisibility
 X - a potion of magic {unknown}


   Skills:
 + Level 17.6 Fighting
 + Level 19.0 Axes
 + Level 13.9 Armour
 + Level 12.1 Dodging
 - Level 0.1 Stealth
 + Level 10.2 Shields


You had 14 spell levels left.
You didn't know any spells.
Your spell library was empty.

Dungeon Overview and Level Annotations

Branches:
Dungeon (15/15)            Temple (0/1) D:6            Lair (5/5) D:9
  Swamp (2/4) Lair:3       Spider (0/4) Lair:3        Slime (0/5) Lair:5
    Orc (0/2) D:11         Depths (0/4) D:15        Ossuary (visited)
 Bailey (visited)           IceCv (visited)
 Vaults: D:13-14

Altars:
Kikubaaqudgha
Vehumet
Wu Jian
Jiyva

Shops:
D:5 :   D:7 ?=:*   D:9 (   D:11 (


Innate Abilities, Weirdness & Mutations

You have a pair of large horns on your head.
You reflexively headbutt those who attack you in melee.
You are covered in fur. (AC +1)


Message History

As you read the scroll of teleportation, it crumbles to dust.
You feel strangely unstable.
You fester in the toxic bog!
You are more poisoned.
* * * LOW HITPOINT WARNING * * *
x2 You feel extremely sick.
The vampire mosquito buzzes angrily.
You hear an angry buzzing noise.
A vampire mosquito comes into view.
The fenstrider witch closely misses you.
You block the fenstrider witch's attack.
You block the eight-headed hydra's attack.
The eight-headed hydra bites you.
* * * LOW HITPOINT WARNING * * *
The eight-headed hydra bites you but does no damage. x3
You block the eight-headed hydra's attack.
The eight-headed hydra completely misses you.
You block the eight-headed hydra's attack.
The goliath frog hits you but does no damage.
The bunyip claws you but does no damage. x2
The bunyip claws you.
* * * LOW HITPOINT WARNING * * *
The spriggan air mage waves its arms in wide circles.
The air twists around and strikes you!
* * * LOW HITPOINT WARNING * * *
A vampire mosquito comes into view.
The fenstrider witch hits you but does no damage.
You block the fenstrider witch's attack.
You feel better.
Splash!
You fall into the shallow water.
Moving in this stuff is going to be slow.
The vampire mosquito buzzes angrily.
You block the spriggan's attack.
The eight-headed hydra bites you but does no damage. x2
You block the eight-headed hydra's attack.
The eight-headed hydra closely misses you.
You block the eight-headed hydra's attack.
The eight-headed hydra closely misses you.
The eight-headed hydra bites you but does no damage. x2
The bunyip claws you!!
You die...

.... ..>♣♣♣♣♣♣♣
♣...~..~.♣♣
♣♣~§~≈~≈~~.♣♣
♣.~~≈≈≈≈≈≈~.♣
♣.~≈≈≈≈≈≈≈~~♣
♣$≈≈≈nw~≈≈≈.♣
♣~≈≈≈ki.≈≈~~♣ §
♣~~≈≈~x@w≈§~♣..
♣.~≈≈~DxHw~~...
♣.~≈~≈≈F≈~~.~..
♣♣.~[~≈≈(y.~~~.
♣.$...~.(...y..
♣~.♣.~.÷♣...~♣.
♣♣.♣.§..~.~..iy
♣.~~...~~♣♣.♣.
♣.~.~~.~.~♣ .♣


You could see 2 bunyips, an eight-headed hydra, a fenstrider witch, a tyrant
leech, a spriggan air mage (repels missiles), a goliath frog, a bog body, 2
swamp worms, a swamp drake, 3 vampire mosquitoes and a spriggan.

Vanquished Creatures
  2 quicksilver oozes (IceCv)
  A bunyip (Swamp:2)
  21 slime creatures
  6 hydras
  A spriggan zombie (D:15)
  A merfolk avatar (Lair:5)
  A catoblepas (Lair:2)
  3 boulder beetles
  4 two-headed ogres
  Erica (D:8)
  An alligator (Swamp:2)
  2 tengu warriors
  12 death yaks
  2 centaur warriors
  The ghost of mitch45678 the Cudgeller, a novice AtMo of Okawaru (D:7)
  2 skeletal warriors
  A pharaoh ant (Lair:3)
  A goliath frog (Swamp:1)
  A sea snake (Lair:5)
  A skyshark (Lair:3)
  4 spriggan druids
  A flayed ghost (D:15)
  3 wizards
  A harpy (Lair:5)
  A lindwurm (Lair:5)
  Pikel (D:5)
  An orc knight (Bailey)
  7 ugly things
  A stone giant zombie (D:15)
  A necromancer (D:15)
  An oklob plant (Lair:5)
  3 cyclopes
  5 manticores
  An orc sorcerer (Bailey)
  Maurice (D:8)
  4 elephants (Lair:5)
  2 black mambas
  An ice statue (IceCv)
  9 cane toads
  A torpor snail (Lair:5)
  4 rime drakes
  Maggie (D:7)
  Psyche (D:8)
  5 komodo dragons
  An efreet (D:15)
  A kobold demonologist (Bailey)
  2 tengu conjurers
  3 polar bears
  4 trolls
  5 hornets
  Prince Ribbit (D:5)
  2 wind drakes (Lair:5)
  A snapping turtle (Lair:5)
  An ettin zombie (D:15)
  10 blink frogs
  5 spriggans
  A shadow (D:11)
  3 jumping spiders (Lair:3)
  5 wraiths
  5 wyverns
  2 steam dragons (D:11)
  2 fire bats (Lair:5)
  Eustachio (D:5)
  Grum (Lair:1)
  67 yaks
  A redback (Lair:3)
  2 basilisks
  4 vampire mosquitoes (D:12)
  5 swamp worms
  Edmund (D:6)
  2 acid dragons (D:12)
  9 water moccasins
  4 swamp drakes (Swamp:1)
  12 orc warriors
  3 sky beasts (D:11)
  An ice beast (D:7)
  2 black bears
  A great orb of eyes simulacrum (IceCv)
  An ogre (D:7)
  18 wolves
  10 centaurs
  4 slime creature simulacra (IceCv)
  3 kobold brigands
  3 phantoms
  Blork the orc (D:5)
  A gnoll sergeant (D:9)
  A necrophage (D:7)
  8 bullfrogs
  A scorpion (D:4)
  3 glowing shapeshifter simulacra (IceCv)
  3 wights
  9 killer bees
  4 electric eels
  2 jellies (D:6)
  A centaur zombie (Ossuary)
  A gnoll bouda (D:7)
  A hound (D:6)
  10 orc priests
  Terence (D:3)
  5 iguanas
  13 orc wizards
  4 shapeshifter simulacra (IceCv)
  15 gnolls
  6 adders
  2 river rats (D:9)
  4 white imps
  2 adder zombies (Ossuary)
  2 worms (D:2)
  2 dart slugs
  42 orcs
  6 bats
  3 endoplasms
  4 giant cockroaches
  11 goblins
  11 hobgoblins
  11 jackals
  A quokka (D:5)
  5 ball pythons
  A ball python skeleton (Ossuary)
  A frilled lizard (D:2)
  2 hobgoblin skeletons (Ossuary)
  12 kobolds
  3 orc skeletons (Ossuary)
  9 rats
  A bush (Lair:5)
559 creatures vanquished.

Vanquished Creatures (collateral kills)
  Mlioglotl (Swamp:1)
  An azure jelly (IceCv)
  A hydra (D:15)
  2 skeletal warriors (D:14)
  A spark wasp zombie (D:15)
  A guardian mummy (D:15)
  2 slime creatures (IceCv)
  A shapeshifter simulacrum (IceCv)
10 creatures vanquished.

Vanquished Creatures (others)
  A bloated husk (Swamp:1)
  20 fungi
  47 plants
  13 withered plants (D:15)
81 creatures vanquished.

Grand Total: 650 creatures vanquished

Notes
Turn   | Place    | Note
-------+----------+-------------------------------------------
     0 | D:1      | kiwi3s the Minotaur Berserker began the quest for the Orb.
     0 | D:1      | Reached XP level 1. HP: 19/19 MP: 0/0
   184 | D:1      | Reached XP level 2. HP: 27/27 MP: 1/1
   288 | D:1      | Reached skill level 4 in Axes
   705 | D:1      | Found a faded altar of an unknown god.
   983 | D:2      | Reached XP level 3. HP: 23/33 MP: 2/2
  1185 | D:2      | Reached ** piety under Trog
  1621 | D:3      | Reached XP level 4. HP: 35/41 MP: 3/3
  1655 | D:3      | Reached skill level 5 in Axes
  1672 | D:3      | Noticed Terence
  1680 | D:3      | Killed Terence
  1685 | D:3      | Reached XP level 5. HP: 24/44 MP: 4/4
  2006 | D:3      | Reached skill level 6 in Axes
  2573 | D:4      | Reached skill level 5 in Fighting
  2576 | D:4      | Reached XP level 6. HP: 40/56 MP: 5/5
  2816 | D:4      | Reached *** piety under Trog
  3454 | D:5      | Entered Level 5 of the Dungeon
  3454 | D:5      | Noticed a water moccasin
  3458 | D:5      | Killed a water moccasin
  3459 | D:5      | Reached skill level 7 in Axes
  3549 | D:5      | Reached XP level 7. HP: 55/61 MP: 6/6
  3604 | D:5      | Found Junwos's Book Emporium.
  3654 | D:5      | Noticed Pikel
  3677 | D:5      | Killed Pikel
  3678 | D:5      | Reached skill level 8 in Axes
  3678 | D:5      | Reached skill level 5 in Armour
  3678 | D:5      | Reached XP level 8. HP: 26/70 MP: 7/7
  3977 | D:5      | Noticed Prince Ribbit
  3996 | D:5      | Killed Prince Ribbit
  3997 | D:5      | Reached skill level 9 in Axes
  4068 | D:5      | Noticed Eustachio
  4103 | D:5      | Killed Eustachio
  4663 | D:5      | Noticed Blork the orc
  4672 | D:5      | Killed Blork the orc
  4756 | D:6      | Reached skill level 10 in Axes
  4792 | D:6      | Noticed a two-headed ogre
  4800 | D:6      | Killed a two-headed ogre
  4801 | D:6      | Reached skill level 5 in Dodging
  4801 | D:6      | Reached XP level 9. HP: 56/79 MP: 8/8
  4936 | D:6      | Found a radiant altar of Vehumet.
  5005 | D:6      | Noticed Edmund
  5007 | D:6      | Found a sand-covered staircase.
  5018 | D:6      | Killed Edmund
  5019 | D:6      | Reached skill level 11 in Axes
  5031 | Ossuary  | Entered an ossuary
  5867 | D:6      | Found a staircase to the Ecumenical Temple.
  6194 | D:7      | Noticed Maggie
  6205 | D:7      | Killed Maggie
  6206 | D:7      | Reached skill level 12 in Axes
  6358 | D:7      | Reached **** piety under Trog
  6408 | D:7      | Noticed mitch45678's ghost (novice AtMo)
  6414 | D:7      | Noticed a troll
  6415 | D:7      | Found a runed translucent gate.
  6418 | D:7      | Found a runed translucent gate.
  6424 | D:7      | Found a runed translucent gate.
  6455 | D:7      | Found Rediukirch's Magic Scroll Emporium.
  6477 | D:7      | Found Zetegy's Jewellery Shoppe.
  6478 | D:7      | Found Apsocenn's Book Shop.
  6520 | D:7      | Bought a scroll of identify for 30 gold pieces
  6520 | D:7      | Bought a scroll of identify for 30 gold pieces
  6520 | D:7      | Bought a scroll of identify for 30 gold pieces
  6520 | D:7      | Bought a scroll of teleportation for 45 gold pieces
  6692 | D:7      | Found Unudot's Assorted Antiques.
  6789 | D:7      | Reached XP level 10. HP: 90/90 MP: 9/9
  6790 | D:7      | Reached skill level 1 in Shields
  6988 | D:7      | Killed mitch45678's ghost
  7086 | D:7      | Bought a scroll of identify for 30 gold pieces
  7087 | D:7      | Gained mutation: You have a pair of large horns on your
                  | head. [potion of mutation]
  7087 | D:7      | Gained mutation: You are covered in fur. (AC +1) [potion of
                  | mutation]
  7140 | D:8      | Paralysed by a hornet for 1 turns
  7279 | D:8      | Noticed Erica
  7287 | D:8      | Killed Erica
  7288 | D:8      | Reached skill level 13 in Axes
  7392 | D:8      | Noticed Maurice
  7411 | D:8      | Killed Maurice
  7487 | D:8      | Noticed a cyclops
  7496 | D:8      | Killed a cyclops
  7512 | D:8      | Found a flagged portal.
  7515 | D:8      | Noticed a two-headed ogre
  7520 | D:8      | Killed a two-headed ogre
  7528 | Bailey   | Entered a bailey
  7798 | Bailey   | Noticed an orc knight
  7811 | Bailey   | Killed an orc knight
  7812 | Bailey   | Reached skill level 10 in Fighting
  7812 | Bailey   | Reached skill level 14 in Axes
  7812 | Bailey   | Reached XP level 11. HP: 99/99 MP: 3/10
  7987 | Bailey   | Found an iron altar of Okawaru.
  7987 | Bailey   | Noticed an orc sorcerer
  7997 | Bailey   | Killed an orc sorcerer
  8611 | D:8      | Noticed Psyche
  8616 | D:8      | Killed Psyche
  9148 | D:9      | Reached skill level 10 in Armour
  9222 | D:9      | Identified the +0 kite shield of Card Tricks {Harm}
  9281 | D:9      | Noticed a death yak
  9283 | D:9      | Noticed a death yak
  9285 | D:9      | Noticed a death yak
  9299 | D:9      | Killed a death yak
  9303 | D:9      | Killed a death yak
  9304 | D:9      | Found a staircase to the Lair.
  9305 | D:9      | Killed a death yak
  9383 | D:9      | Reached ***** piety under Trog
  9425 | D:9      | Reached skill level 15 in Axes
  9469 | D:9      | Noticed a boulder beetle
  9932 | D:9      | Killed a boulder beetle
 10089 | D:9      | Found Ajarruam's Antique Weapon Shop.
 10098 | D:9      | Bought a bloodstained hand axe for 192 gold pieces
 10098 | D:9      | Identified the +9 hand axe of Yxonin {heavy, Stlth+} (You
                  | bought it in a shop on level 9 of the Dungeon)
 10187 | D:9      | Upgraded the game from 0.30-a0-777-ga9a30cbeda to
                  | 0.30-a0-778-g2ef04afb54
 10241 | D:10     | Entered Level 10 of the Dungeon
 10691 | D:10     | Found an ornate altar of the Wu Jian Council.
 10870 | D:11     | Found Faott's Weapon Shoppe.
 10914 | D:11     | Found a staircase to the Orcish Mines.
 10988 | D:11     | Reached XP level 12. HP: 106/111 MP: 3/11
 11015 | D:11     | Received a gift from Trog
 11785 | D:12     | Identified the +9 glaive "Azuig" {elec, rF+ rN+ Will+
                  | Str-4}
 11851 | D:12     | Noticed a two-headed ogre
 11858 | D:12     | Killed a two-headed ogre
 11948 | D:12     | Noticed a boulder beetle
 11979 | D:12     | Killed a boulder beetle
 12168 | D:12     | Reached skill level 16 in Axes
 12241 | D:12     | Noticed a two-headed ogre
 12260 | D:12     | Killed a two-headed ogre
 12862 | D:13     | You fall into a shaft and drop 2 floors!
 12862 | D:15     | Entered Level 15 of the Dungeon
 12919 | D:15     | Reached skill level 5 in Shields
 13018 | D:14     | Noticed a boulder beetle
 13038 | D:14     | Killed a boulder beetle
 13241 | D:14     | Noticed a five-headed hydra
 13257 | D:14     | Killed a one-headed hydra
 13304 | D:14     | Noticed a centaur warrior
 13314 | D:14     | Killed a centaur warrior
 13386 | D:14     | Noticed a tengu warrior
 13400 | D:14     | Killed a tengu warrior
 13593 | D:14     | Noticed a vault guard
 13670 | D:14     | Reached XP level 13. HP: 117/122 MP: 4/12
 13693 | D:14     | Reached skill level 17 in Axes
 13825 | D:14     | Received a gift from Trog
 15269 | D:15     | Found a staircase to the Depths.
 16190 | D:15     | Reached skill level 10 in Dodging
 16579 | Lair:1   | Entered Level 1 of the Lair of Beasts
 16719 | Lair:1   | Noticed Grum
 16751 | Lair:1   | Killed Grum
 17089 | Lair:1   | Found a frozen archway.
 17208 | IceCv    | Entered an ice cave
 17300 | IceCv    | Noticed a quicksilver ooze
 17314 | IceCv    | Found a viscous altar of Jiyva.
 17314 | IceCv    | Noticed an azure jelly
 17328 | IceCv    | Killed an azure jelly
 17329 | IceCv    | Reached skill level 15 in Fighting
 17329 | IceCv    | Noticed a quicksilver ooze
 17333 | IceCv    | Found the +4 skin of Zhor {*Englaciate rC+++ SInv}
 17349 | IceCv    | Killed a quicksilver ooze
 17641 | IceCv    | Got the ring of Okawaru's Displeasure {Ice rPois Dex+2}
 17643 | IceCv    | Identified the ring of the Establishment {rElec rN+ MP+9
                  | Str+3}
 17679 | IceCv    | Reached XP level 14. HP: 134/135 MP: 4/13
 17697 | IceCv    | Killed a quicksilver ooze
 17810 | IceCv    | Reached skill level 18 in Axes
 20184 | Lair:3   | Found a staircase to the Swamp.
 20223 | Lair:3   | Found a hole to the Spider Nest.
 20847 | Lair:3   | Identified the +9 dagger of Punishment {protect, rC+ Str+5
                  | Int-3}
 21392 | Lair:4   | You fall into a shaft and drop 1 floor!
 21392 | Lair:5   | Entered Level 5 of the Lair of Beasts
 21996 | Lair:5   | Reached XP level 15. HP: 126/147 MP: 14/14
 22094 | Lair:5   | Received a gift from Trog
 22619 | Lair:5   | Identified the amulet "Zakudgh" {rN+ Regen+ Slay+2 Stlth+}
 22621 | Lair:5   | Identified the +5 chain mail "Kunext" {rC+}
 22840 | Lair:5   | Found a staircase to the Slime Pits.
 22879 | Lair:5   | Found a viscous altar of Jiyva.
 22933 | Lair:5   | Found an ancient bone altar of Kikubaaqudgha.
 23096 | Swamp:1  | Entered Level 1 of the Swamp
 23665 | Swamp:1  | Noticed Mlioglotl
 23675 | Swamp:1  | Paralysed by accursed screaming for 2 turns
 23861 | Swamp:1  | Killed Mlioglotl
 23862 | Swamp:1  | Reached skill level 19 in Axes
 24122 | Swamp:2  | Reached skill level 10 in Shields
 24125 | Swamp:2  | Noticed a fenstrider witch
 24331 | Swamp:2  | Slain by a bunyip

Illustrated notes

Levels and vault maps discovered:
D:1:      lordsloth_arrival_two_stooges, layout_loops_ring,
          shapermc_ecumenical_altar_acropolis, hangedman_decor_points
D:2:      layout_loops_cross
D:3:      layout_loops_ring, uniq_terence
D:4:      layout_loops_cross, lemuel_flame_loot_1
D:5:      layout_loops_corners, serial_shops, nicolae_lakefront_shop,
          eino_tiny_chamber, uniq_pikel, uniq_prince_ribbit1,
          uniq_blork_the_orc, uniq_eustachio
D:6:      layout_basic, nicolae_vehumet_radiance,
          minmay_temple_entry_enclosed_plants,
          lightli_ossuary_entry_decrepit_ruins, uniq_edmund
D:7:      layout_cave_pools, serial_shops, kennysheep_little_box, shop,
          shop_fountains, nicolae_shop_waterfront, gammafunk_ghost_split,
          uniq_maggie
D:8:      layout_basic, enter_bailey_2, grunt_decor_one_mirror, uniq_erica,
          uniq_psyche, uniq_maurice
D:9:      layout_loops_ring, dpeg_lair_monsters, serial_shops,
          nicolae_lakefront_shop, statue_in_the_mist_lemuel, evilmike_butchery
D:10:     layout_long_grid, nzn_wu_jian_contemplation
D:11:     layout_irregular_city, minmay_orc_entry_temple_small, serial_shops,
          nicolae_shop_advertising_works [nicolae_subvault_shop_adworks],
          hangedman_misty_isle
D:12:     layout_long_grid
D:13:     layout_basic
D:14:     layout_basic, grunt_vaults_entry_fortified
D:15:     gammafunk_depths_entry_grave, layout_loops_ring
Lair:1:   layout_gridlike, portal_ice_cave_entry_pillars_1, grunt_megastairs_4,
          uniq_grum
Lair:2:   layout_hall_layers, serial_bayou, serial_bayou_lake_a,
          serial_bayou_shore_b, serial_bayou_ford_a, serial_bayou_crossing,
          nicolae_quartered_pool_impasse, serial_bayou_pond_e
Lair:3:   layout_loops_ring, swamp_mist, nicolae_spider_entry_lesser_pyramids,
          chequers_serial_rivers_room_a, infiniplex_staircase_pool
Lair:4:   layout_regular_city, kennysheep_rathole, grunt_megastairs_1,
          lemuel_fruit_tree, serial_bayou_shore_b
Lair:5:   gammafunk_lair_ancient_temple, layout_gridlike, slime_entry_1,
          basic_altar, minmay_lair_oklob_bushes
Swamp:1:  layout_basic_swamp, nicolae_swamp_round_clearing, uniq_mlioglotl
Swamp:2:  layout_falls_marsh, lemuel_altar_in_water2,
          infiniplex_staircase_pool_2

Skill      XL: |  1  2  3  4  5  6  7  8  9 10 11 12 13 14 15 |
---------------+----------------------------------------------+-----
Axes           | 4 5 6 7 8 10 12 14 15 16 17 18 19 | 19.0
Fighting       | 4 5 6 7 8 10 11 13 15 17 | 17.6
Armour         | 3 4 5 7 9 10 11 12 13 | 13.9
Dodging        | 3 5 6 7 8 9 10 11 12 | 12.1
Shields        | 2 3 5 7 9 10 | 10.2
Stealth        | |  0.1

Action                     |  1- 3 |  4- 6 |  7- 9 | 10-12 | 13-15 || total
---------------------------+-------+-------+-------+-------+-------++-------
  Melee: Hand axe          |    94 |    81 |   273 |   634 |   766 ||  1848
         Headbutt          |    12 |    13 |    65 |   177 |   216 ||   483
         Punch             |       |     1 |     3 |    10 |    13 ||    27
 Invoke: Berserk           |       |     1 |     3 |     5 |     7 ||    16
         Brothers in Arms  |       |       |       |       |     4 ||     4
    Use: Scroll            |       |       |       |    13 |    21 ||    34
         Potion            |       |       |       |     2 |    13 ||    15
   Stab: Sleeping          |       |       |       |       |     1 ||     1
 Armour: Animal skin       |     8 |       |       |       |       ||     8
         Ring mail         |    31 |    33 |    80 |   183 |   264 ||   591
         Chain mail        |       |       |       |       |    68 ||    68
  Dodge: Dodged            |    62 |    46 |   111 |   212 |   432 ||   863
  Block: Other             |       |       |     8 |    73 |   139 ||   220
         Reflection        |       |       |     1 |     7 |     6 ||    14
         Kite shield       |       |       |       |       |    94 ||    94

Table legend: (Time is in decaauts)
 A = Elapsed time spent in this place.
 B = Non-inter-level travel time spent in this place.
 C = Inter-level travel time spent in this place.
 D = Time resting spent in this place.
 E = Time spent auto-exploring this place.
 F = Levels seen in this place.
 G = Mean time per level.
                   A        B        C        D        E       F      G
               +--------+--------+--------+--------+--------+-----+--------+
         Total |  24162 |  23155 |   1007 |   4031 |  15666 |  25 |  966.5 |
       Dungeon |  15302 |  14406 |    896 |   2054 |  10382 |  15 | 1020.1 |
          Lair |   5652 |   5559 |     93 |    960 |   3819 |   5 | 1130.4 |
         Swamp |   1278 |   1261 |     17 |    512 |    521 |   2 |  639.0 |
       Ossuary |    366 |    366 |      0 |      0 |    244 |   1 |  366.0 |
        Bailey |    722 |    722 |      0 |     10 |    595 |   1 |  722.0 |
      Ice Cave |    840 |    840 |      0 |    495 |    103 |   1 |  840.0 |
               +--------+--------+--------+--------+--------+-----+--------+

Top non-repeatable levels by time:
  Lair:5: 1691 daAuts
    D:15: 1414 daAuts
  Lair:2: 1347 daAuts
     D:9: 1275 daAuts
  Lair:1: 1271 daAuts
     D:5: 1270 daAuts
 Swamp:1: 1218 daAuts
    D:14: 1191 daAuts
     D:3: 1114 daAuts
     D:8: 1102 daAuts
  Lair:3: 1091 daAuts
    D:13: 1045 daAuts
    D:12: 1042 daAuts
     D:6: 1028 daAuts
     D:7: 964 daAuts
